 Dungeon Crawl Stone Soup version 0.21.1-1-g345015f (webtiles) character file.

31 cultivahabas the Ruffian (level 3, 18/33 HPs)
             Began as a Ghoul Monk on Apr 23, 2018.
             Quit the game on level 2 of the Dungeon.
             The game lasted 00:05:27 (1012 turns).

cultivahabas the Ruffian (Ghoul Monk)               Turns: 1012, Time: 00:05:27

Health: 18/33      AC:  2    Str: 14    XL:     3   Next: 22%
Magic:  2/2        EV: 12    Int:  6    God:
Gold:   76         SH:  0    Dex: 11    Spells: 2/2 levels left

rFire    . . .     SeeInvis .     - Unarmed
rCold    + . .     Gourm    .   (no shield)
rNeg     + + +     Faith    .   a - +0 robe
rPois    ∞         Spirit   .   (no helmet)
rElec    .         Reflect  .   (no cloak)
rCorr    .         Harm     .   (no gloves)
MR       .....                  (no boots)
Stlth    ++........             (no amulet)
HPRegen  0.11/turn              (no ring)
MPRegen  0.08/turn              (no ring)

@: rotting
A: rotting body, claws 1, carnivore, cold resistance 1, negative energy
resistance 3, inhibited regeneration, torment resistance, unbreathing
a: no special abilities


You were on level 2 of the Dungeon.
You were not hungry.

You visited 1 branch of the dungeon, and saw 2 of its levels.

You collected 76 gold pieces.

Inventory:

Missiles
 o - 17 stones (quivered)
Armour
 a - a +0 robe (worn)
Jewellery
 n - an uncursed ring of magical power {unknown}
Scrolls
 c - a scroll of noise {unknown}
 f - 4 scrolls of identify {unknown}
 g - 2 scrolls of magic mapping {unknown}
 h - 4 scrolls of remove curse {unknown}
 k - a scroll of fear {unknown}
Potions
 e - a potion of curing {unknown}
 i - a potion of resistance {unknown}
 j - a potion of invisibility {unknown}
 l - a potion of haste {unknown}
 m - a potion of degeneration {unknown}
 p - a potion of flight {unknown}
Comestibles
 b - 5 rations
 d - 9 chunks of flesh


   Skills:
 + Level 3.8 Fighting
 - Level 2.6 Dodging
 - Level 2.1 Stealth
 * Level 4.3 Unarmed Combat


You had 2 spell levels left.
You didn't know any spells.

Dungeon Overview and Level Annotations

Branches:
Dungeon (2/15)

Altars:


Innate Abilities, Weirdness & Mutations

Your body is rotting away.
You thrive on raw meat.
You are immune to poison.
You have sharp fingernails.
You are carnivorous and can eat meat at any time.
Your flesh is cold resistant. (rC+)
You are immune to negative energy. (rN+++)
You do not regenerate when monsters are visible.
You are immune to unholy pain and torment.
You can survive without breathing.


Message History

Found 15 gold pieces.
You see here a rat corpse.
Press: ? - help, v - describe, . - travel The floor.
You butcher the rat corpse.
d - 11 chunks of flesh (gained 1)
Found a spear.
Found 17 stones.
You see here a spear.
You see here 17 stones.
o - 17 stones Some of the chunks of flesh in your inventory have rotted away.
Found a lumpy puce potion.
p - a lumpy puce potion Unknown command.
Quiver which item? (- for none, * to show all) (? for menu, Esc to quit)
Okay, then.
Quiver which item? (- for none, * to show all) (? for menu, Esc to quit)
Okay, then.
Are you sure you want to abandon this character and quit the game? (Confirm with "yes".)

######...#..#.....w#.......#
.........###....#######.#
###.............# #.#
#.....#.###.#.# #.#
#.#...#.###.#.# #.#
#.##..#.#.....#######.# .
#..#.#.............#
##.#.###.###########
#w#....@# #..####.# #..# #.#
....# #.# ..###.. #.# ...
##.# #.# .. $. #.# . #.##.#
..#.#


There were no monsters in sight!

Vanquished Creatures
  An adder (D:2)
  A worm (D:2)
  A leopard gecko (D:2)
  2 goblins (D:1)
  2 hobgoblins (D:1)
  A quokka (D:2)
  4 bats
  4 frilled lizards (D:1)
  2 kobolds
  3 rats
21 creatures vanquished.

Notes
Turn   | Place    | Note
-------+----------+-------------------------------------------
     0 | D:1      | cultivahabas the Ghoul Monk began the quest for the Orb.
     0 | D:1      | Reached XP level 1. HP: 19/19 MP: 0/0
   421 | D:1      | Reached XP level 2. HP: 17/26 MP: 1/1
   761 | D:2      | Reached skill level 4 in Unarmed Combat
   826 | D:2      | Reached XP level 3. HP: 11/33 MP: 2/2
  1012 | D:2      | Quit the game

Skill      XL: |  1  2 |
---------------+-------+-----
Unarmed Combat | 4 |  4.3
Fighting       | |  3.8
Dodging        | |  2.6
Stealth        | |  2.1

Action                   || total
-------------------------++-------
Melee: Unarmed           ||    65
  Eat: Chunk             ||     3
Armor: Robe              ||     8
Dodge: Dodged            ||    41
